 Dungeon Crawl Stone Soup version 0.29-a0-1016-g236c7fd91e (webtiles) character file.

Game seed: 7687387594605375827

80 kae the Chopper (level 4, 0/39 HPs)
             Began as a Minotaur Fighter on Aug 9, 2022.
             Succumbed to an adder's poison
             ... on level 2 of the Dungeon.
             The game lasted 00:01:01 (1704 turns).

kae the Chopper (Minotaur Fighter)                  Turns: 1704, Time: 00:01:01

Health: 0/39       AC:  6    Str: 23    XL:     4   Next: 18%
Magic:  3/3        EV:  9    Int:  5    God:
Gold:   121        SH:  4    Dex:  9    Spells: 3/3 levels left

rFire   . . .      SeeInvis .   a - +0 war axe
rCold   . . .      Faith    .   c - +0 buckler
rNeg    . . .      Spirit   .   b - +0 scale mail
rPois   .          Reflect  .   (helmet restricted)
rElec   .          Harm     .   (no cloak)
rCorr   .          Rampage  .   (no gloves)
Will    .....                   (no boots)
Stlth   ..........              (no amulet)
HPRegen 0.13/turn               (no ring)
MPRegen 0.08/turn               (no ring)

@: brilliant, lethally poisoned (0 -> 0), hasted, very quick
A: horns 2, retaliatory headbutt
a: no special abilities


You were on level 2 of the Dungeon.
You visited 1 branch of the dungeon, and saw 2 of its levels.

You collected 121 gold pieces.


Innate Abilities, Weirdness & Mutations

You have a pair of horns on your head.
You reflexively headbutt those who attack you in melee.


   Skills:
 - Level 3.6 Fighting
 + Level 5.4 Axes
 - Level 3.6 Armour
 - Level 3.6 Shields


You had 3 spell levels left.
You didn't know any spells.
Your spell library contained the following spells:

 Spells                   Type           Power      Damage    Failure   Level
 Beastly Appendage        Tmut           0%         N/A       86%         1
 Wereblood                Tmut           0%         N/A       95%         2
 Spider Form              Tmut/Pois      0%         N/A       99%         3

Inventory:

Hand Weapons
 a - a +0 war axe (weapon)
Missiles
 e - 5 stones (quivered)
 f - 5 poisoned darts
 l - a boomerang
Armour
 b - a +0 scale mail (worn)
 c - a +0 buckler (worn)
Scrolls
 g - 3 scrolls of identify {unknown}
 j - a scroll of fear {unknown}
 k - a scroll of teleportation {unknown}
 m - a scroll of amnesia {unknown}
 n - a scroll of noise {unknown}
Potions
 d - a potion of might
 h - a potion of degeneration {unknown}

Dungeon Overview and Level Annotations

Branches:
Dungeon (2/15) Zot: 10273

Altars:

Annotations:
D:2 1 runed translucent door, Crazy Yiuf, Natasha

###################
#>@................
#.#################
#g#....... ........
#5.†...... ........
#..g.##### #######.
#....# #. #.....)
#. ....#### ###.
###..# #...


You could see a white imp (summoned) and a goblin.


Message History

A goblin is nearby!
A goblin is nearby!
An adder comes into view.
The goblin shoots a sling bullet.
The sling bullet hits you but does no damage.
The goblin shoots a sling bullet.
The sling bullet misses you. You block the adder's attack.
You closely miss the adder. The adder bites you but does no damage.
The goblin shoots a sling bullet.
The sling bullet hits you but does no damage.
The adder bites you.
You are poisoned.
The adder poisons you!
The goblin shoots a sling bullet.
The sling bullet closely misses you.
You slash the adder!
You feel sick. The adder bites you.
You are more poisoned.
The adder poisons you!
The goblin shoots a sling bullet.
The sling bullet barely misses you.
The adder bites you but does no damage. 😕 HP[-5]
You take 5 damage, and now have 34/39 hp.
Unknown command.
Unknown command.
There are monsters nearby!
You barely miss the adder.
You feel sick. The adder bites you.
You are more poisoned.
The adder poisons you!
The goblin shoots a sling bullet.
The sling bullet barely misses you.
You barely miss the adder. Your headbutt misses the adder.
You feel very sick. The adder bites you.
The goblin shoots a sling bullet.
The sling bullet misses you. You block the adder's attack.
You hear an angry hiss. 😮 HP[-8]
You take 8 damage, and now have 26/39 hp.
MASSIVE DAMAGE!! (PAUSE)
You are too injured to fight recklessly!
You are too injured to fight recklessly!
Unknown command.
You barely miss the adder.
You feel sick.
The goblin shoots a sling bullet.
The sling bullet hits you.
Natasha, Servant of Life and Death comes into view.
She is carrying a wand of roots (5).
The adder bites you.
* * * LOW HITPOINT WARNING * * *
You are more poisoned.
The adder poisons you!
Natasha mumbles some strange words.
The goblin shoots a sling bullet.
The sling bullet hits you.
* * * LOW HITPOINT WARNING * * *
😨 HP[-10]
You take 10 damage, and now have 16/39 hp.
MASSIVE DAMAGE!! (PAUSE)
You closely miss the adder. Your headbutt misses the adder.
You feel very sick.
The adder bites you but does no damage. x2
Natasha mumbles some strange words.
The shadow imp disappears for a moment.
The goblin shoots a sling bullet.
The sling bullet closely misses you. 😨 HP[-3]
You take 3 damage, and now have 13/39 hp.
Unknown command.
You barely miss the adder.
You feel sick. The adder bites you.
* * * LOW HITPOINT WARNING * * *
The goblin shoots a sling bullet.
The sling bullet hits you but does no damage.
The adder closely misses you. 😨 HP[-3]
You take 3 damage, and now have 10/39 hp.
Unknown command.
You slash the adder!
You kill the adder!
You feel sick.
Natasha wildly gestures.
Natasha shimmers violently.
The goblin shoots a sling bullet.
The sling bullet hits you.
* * * LOW HITPOINT WARNING * * *
😱 HP[-5]
You take 5 damage, and now have 5/39 hp.
Unknown command.
* * * LOW HITPOINT WARNING * * *
You feel sick.
The goblin shoots a sling bullet.
You block the sling bullet. 😱 HP[-1]
You take 1 damage, and now have 4/39 hp.
Okay, then.
* * * LOW HITPOINT WARNING * * *
You feel sick. 😱 HP[-1]
You take 1 damage, and now have 3/39 hp.
* * * LOW HITPOINT WARNING * * *
You feel sick. 😱 HP[-1]
You take 1 damage, and now have 2/39 hp.
It was a potion of brilliance.
You feel clever all of a sudden.
* * * LOW HITPOINT WARNING * * *
You feel sick.
You are too injured to fight recklessly! 😱 HP[-1]
You take 1 damage, and now have 1/39 hp.
It was a potion of haste.
You feel yourself speed up.
You die...

Skill      XL: |  1  2  3 |
---------------+----------+-----
Axes           | 3 4 5 |  5.4
Fighting       | |  3.6
Armour         | |  3.6
Shields        | |  3.6

Action                   |  1- 3 |  4- 6 || total
-------------------------+-------+-------++-------
Melee: War axe           |    60 |     8 ||    68
       Headbutt          |     7 |       ||     7
  Use: Potion            |       |     2 ||     2
Armor: Scale mail        |    20 |     7 ||    27
Dodge: Dodged            |    33 |     8 ||    41
Block: Buckler           |    12 |     3 ||    15

Levels and vault maps discovered:
D:1:      amcnicky_arrival_flooded_fountain, layout_loops_ring,
          minmay_pentomino_q2
D:2:      layout_basic, uniq_crazy_yiuf_cottage, uniq_natasha

Notes
Turn   | Place    | Note
-------+----------+-------------------------------------------
     0 | D:1      | kae the Minotaur Fighter began the quest for the Orb.
     0 | D:1      | Reached XP level 1. HP: 19/19 MP: 0/0
     0 | D:1      | magus.rc [v1.11.3]
     8 | D:1      | You pick up a book of Changes and begin reading...
     8 | D:1      | You add the spells Beastly Appendage, Wereblood and Spider
                  | Form to your library.
    79 | D:1      | Reached skill level 3 in Axes
   117 | D:1      | Reached XP level 2. HP: 26/26 MP: 1/1
   403 | D:1      | Reached skill level 4 in Axes
   811 | D:2      | Reached XP level 3. HP: 28/31 MP: 2/2
  1322 | D:2      | Noticed Natasha
  1328 | D:2      | HP: 4/31 [constriction (4)]
  1329 | D:2      | Killed Natasha
  1330 | D:2      | Reached skill level 5 in Axes
  1330 | D:2      | Reached XP level 4. HP: 5/39 MP: 3/3
  1542 | D:2      | Found a runed translucent door.
  1543 | D:2      | Noticed Crazy Yiuf
  1696 | D:2      | Noticed Natasha
  1699 | D:2      | HP: 8/39 [poisoned by an adder]
  1701 | D:2      | HP: 3/39 [poisoned by an adder]
  1703 | D:2      | HP: 1/39 [poisoned by an adder]
  1704 | D:2      | Succumbed to an adder's poison

Vanquished Creatures
  Natasha (D:2)
  An adder (D:2)
  3 dart slugs (D:1)
  4 orcs (D:2)
  An endoplasm (D:2)
  4 goblins
  2 hobgoblins
  5 jackals (D:2)
  5 kobolds
  2 quokkas
  5 ball pythons (D:1)
  2 rats (D:2)
35 creatures vanquished.

Table legend:
 A = Non-vault XP
 B = Vault XP
 C = Vault XP percentage of total XP
 D = Non-vault monster count
 E = Vault monster count
 F = Vault count percentage of total count
                 A         B        C        D         E       F
            +---------+---------+-------+---------+---------+-------
      Total |      78 |      37 |  32.2 |      33 |       2 |   5.7
            +---------+---------+-------+---------+---------+-------
        D:1 |      32 |       2 |   5.9 |      16 |       1 |   5.9
        D:2 |      46 |      35 |  43.2 |      17 |       1 |   5.6
            +---------+---------+-------+---------+---------+-------

Illustrated notes

Table legend:
 A = Kills in this place as a percentage of kills in entire the game.
 B = Kills by you in this place as a percentage of kills by you in the entire game.
 C = Kills by friends in this place as a percentage of kills by friends in the entire game.
 D = Other kills in this place as a percentage of other kills in the entire game.
 E = Experience gained in this place as a percentage of experience gained in the entire game.
 F = Experience gained in this place divided by the number of levels of this place that you have seen.
                   A       B       C       D       E      F
               +-------+-------+-------+-------+-------+----------------------
         Total | 100.0 | 100.0 |   N/A |   N/A | 100.0 |  57.5
       Dungeon | 100.0 | 100.0 |   N/A |   N/A | 100.0 |  57.5
               +-------+-------+-------+-------+-------+----------------------

Table legend: (Time is in decaauts)
 A = Elapsed time spent in this place.
 B = Non-inter-level travel time spent in this place.
 C = Inter-level travel time spent in this place.
 D = Time resting spent in this place.
 E = Time spent auto-exploring this place.
 F = Levels seen in this place.
 G = Mean time per level.
                   A        B        C        D        E       F      G
               +--------+--------+--------+--------+--------+-----+--------+
         Total |   1726 |   1700 |     26 |    358 |   1143 |   2 |  863.0 |
       Dungeon |   1726 |   1700 |     26 |    358 |   1143 |   2 |  863.0 |
               +--------+--------+--------+--------+--------+-----+--------+

Top non-repeatable levels by time:
     D:2: 912 daAuts
     D:1: 813 daAuts
